 Dungeon Crawl Stone Soup version 0.27-a0-1502-g47ed6a6988 (webtiles) character file.

Game seed: 7059970394762365701

1470 Spaninq the Conjurer (level 8, -6/85 HPs)
             Began as a White Draconian Fire Elementalist on July 8, 2021.
             Was an Initiate of Jiyva.
             Killed from afar by Maggie (15 damage)
             ... with a bolt of fire
             ... on level 6 of the Dungeon.
             The game lasted 00:30:15 (6878 turns).

Spaninq the Conjurer (DrFE)                         Turns: 6878, Time: 00:30:16

Health: -6/85      AC: 24    Str: 11    XL:     8   Next: 49%
Magic:  6/15       EV:  2    Int: 19    God:    Jiyva [......]
Gold:   158        SH:  5    Dex: 10    Spells: 13/17 levels left

rFire    . . .     SeeInvis .   h - +2 falchion (vorpal)
rCold    . . .     Faith    .   (no shield)
rNeg     + + +     Spirit   .   (armour unavailable)
rPois    +         Reflect  +   (helmet currently unavailable)
rElec    .         Harm     .   (cloak currently unavailable)
rCorr    .         Rampage  .   (gloves currently unavailable)
Will     .....     NoTele   +   (boots currently unavailable)
Stlth    ++........             g - amulet of reflection
HPRegen  0.24/turn              (no ring)
MPRegen  0.14/turn              (no ring)

@: tree-form, mesmerised
A: stationary, stasis, torment immunity, boosted hp, (breathe frost), AC +6,
unfitting armour, (cold resistance 1), (cold-blooded)
a: Renounce Religion


You were on level 6 of the Dungeon.
You worshipped Jiyva.
Jiyva was noncommittal.
You were a tree.
You visited 2 branches of the dungeon, and saw 7 of its levels.

You collected 158 gold pieces.

Inventory:

Hand Weapons
 h - a +2 vorpal falchion (weapon)
Missiles
 f - 2 throwing nets
Armour
 b - a +0 kite shield
Jewellery
 g - an amulet of reflection (around neck)
 q - a ring of flight
Wands
 i - a wand of iceblast (6)
 p - a wand of digging (8)
Scrolls
 a - 3 scrolls of teleportation
 d - 3 scrolls of amnesia {unknown}
 e - 3 scrolls of identify
 j - a scroll of acquirement {unknown}
 l - a scroll of silence {unknown}
Potions
 c - 2 potions of mutation {unknown}
 k - a potion of haste {unknown}
 n - a potion of berserk rage {unknown}
 o - a potion of lignification
 r - a potion of degeneration {unknown}


   Skills:
 - Level 1.7 Dodging
 - Level 1.7 Stealth
 + Level 5.0 Spellcasting
 * Level 7.3 Conjurations
 - Level 4.4 Fire Magic
 + Level 2.0 Air Magic
 + Level 2.0 Poison Magic


You had 13 spell levels left.
You knew the following spells:

 Your Spells              Type           Power      Damage    Failure   Level
a - Foxfire               Conj/Fire      100%       2x1d9     1%          1
b - Mephitic Cloud        Conj/Pois/Air  19%        N/A       8%          3

Your spell library contained the following spells:

 Spells                   Type           Power      Damage    Failure   Level
 Conjure Flame            Conj/Fire      27%        6-21      3%          3
 Sticky Flame             Conj/Fire      27%        2d5       11%         4
 Inner Flame              Hex/Fire       13%        N/A       14%         3
 Ignite Poison            Fire/Tmut/Pois 13%        N/A       16%         3
 Sublimation of Blood     Necr           2%         N/A       19%         2
 Wereblood                Tmut           4%         N/A       19%         2
 Spider Form              Tmut/Pois      4%         N/A       24%         3
 Fulminant Prism          Conj/Hex       9%         3d7       26%         4
 Iskenderun's Mystic Bla  Conj/Tloc      18%        2d6       26%         4
 Fireball                 Conj/Fire      13%        3d7       30%         5
 Bolt of Magma            Conj/Fire/Erth 9%         4d7       56%         5
 Cause Fear               Hex            2%         N/A       77%         4
 Lee's Rapid Deconstruct  Erth           2%         3d5*      98%         5
 Summon Hydra             Summ           2%         N/A       100%        7
 Discord                  Hex            2%         N/A       100%        8


Dungeon Overview and Level Annotations

Branches:
Dungeon (6/15)             Temple (1/1) D:5

Altars:
Fedhas
Gozag
Kikubaaqudgha
Makhleb
Nemelex Xobeh
Okawaru
Qazlal
Sif Muna
Uskayaw
Wu Jian
Yredelemnul
Zin
The Shining One
Jiyva

Annotations:
D:6 Maggie


Innate Abilities, Weirdness & Mutations

You are a tree.
Your roots penetrate the ground, keeping you stationary.
You cannot be teleported.
You are immune to unholy pain and torment.
Your maximum health is greatly increased.
Your equipment is partially melded.
((You can breathe waves of freezing cold which knock back foes.))
((Your icy white scales are hard. (AC +6)))
You cannot fit into any form of body armour.
((Your flesh is cold resistant. (rC+)))
((You are cold-blooded and may be slowed by cold attacks.))


Message History

The foxfire hits Maggie but does no damage.
Maggie is heavily wounded.
The sky beast hits you.
* * * LOW HITPOINT WARNING * * *
The sky beast shocks you.
* * * LOW HITPOINT WARNING * * *
Maggie barely misses you. The sky beast misses you.
Casting: Foxfire (safe; 1% risk of failure)
Confirm with . or Enter, or press ? or * to list all spells.
You conjure some foxfire!
Maggie says, "Have you seen any dragons?"
Maggie barely misses you.
The sky beast hits you but does no damage.
You hit Maggie but do no damage.
Maggie is heavily wounded.
The foxfire hits Maggie but does no damage.
Maggie is heavily wounded.
The foxfire hits Maggie!
Maggie is severely wounded.
Maggie misses you.
The sky beast hits you but does no damage.
Maggie gestures wildly while chanting.
Maggie draws you further into her thrall.
Casting: Foxfire (safe; 1% risk of failure)
Confirm with . or Enter, or press ? or * to list all spells.
You conjure some foxfire!
The sky beast closely misses you.
You riposte.
You closely miss the sky beast.
The sky beast is moderately wounded.
Maggie closely misses you.
You riposte.
You hit Maggie but do no damage. You tail-slap Maggie.
Maggie is severely wounded.
It was a potion of lignification.
You turn into a tree.
Your roots penetrate the ground.
The foxfire hits Maggie.
Maggie is almost dead.
The foxfire hits Maggie but does no damage.
Maggie is almost dead.
You block the sky beast's attack. Maggie gestures at you while chanting.
The bolt of fire hits you!
You die...

##.###.......#
###..##..8#8..##..
###........#?#J...
.>####.....####.8#8.# J.#.
........##.# #.....#
.##.#.... ######.....#
###..## ..#...#... ##....##
#...###..#.#....#
##....#####@....##.....#..#
##......Y♣..........#.....
##...####§...........#...
#.### #..###.....#...# #..#
##.# ##......#.## #.... #..
##...#....# ......# #...
##....#..# ........ #...#
###.....# .........#. ..#
#...... ..........# #.####.


You could see Maggie (mesmerising), a sky beast and a neutral jelly (wandering)
(fellow slime).

Vanquished Creatures
  Grinder (D:5)
  Prince Ribbit (D:6)
  A water moccasin (D:5)
  A sky beast (D:5)
  An ice beast (D:5)
  An ogre (D:4)
  A scorpion (D:5)
  A water moccasin zombie (D:5)
  A bullfrog zombie (D:5)
  2 hounds
  An orc priest (D:3)
  A jelly (D:5)
  2 iguanas
  A scorpion zombie (D:5)
  3 orc wizards (D:3)
  A hound zombie (D:5)
  10 gnolls
  8 adders
  A white imp (D:5)
  An adder skeleton (D:4)
  2 worms (D:3)
  2 dart slugs
  14 orcs
  9 endoplasms
  4 giant cockroaches
  11 goblins
  6 hobgoblins
  3 jackals
  A quokka (D:3)
  8 ball pythons
  7 bats
  4 frilled lizards
  4 kobolds
  8 rats
123 creatures vanquished.

Vanquished Creatures (collateral kills)
  2 foxfires (D:5)
2 creatures vanquished.

Vanquished Creatures (others)
  A black bear (D:6)
  2 jellies (D:6)
  2 wights (D:6)
  An orc priest (D:6)
  An adder (D:6)
  A white imp (D:6)
  3 orcs (D:6)
  531 foxfires
  18 plants (D:5)
560 creatures vanquished.

Grand Total: 685 creatures vanquished

Notes
Turn   | Place    | Note
-------+----------+-------------------------------------------
     0 | D:1      | Spaninq the Draconian Fire Elementalist began the quest for
                  | the Orb.
     0 | D:1      | Reached XP level 1. HP: 14/14 MP: 3/3
   132 | D:1      | Found a faded altar of an unknown god.
   284 | D:1      | Reached XP level 2. HP: 20/20 MP: 1/5
   528 | D:1      | Reached skill level 2 in Conjurations
   894 | D:2      | Reached XP level 3. HP: 26/26 MP: 4/6
  1138 | D:2      | Found an opulent altar of Gozag.
  1394 | D:2      | Reached XP level 4. HP: 33/33 MP: 4/7
  1474 | D:2      | Reached skill level 3 in Conjurations
  2193 | D:2      | Reached XP level 5. HP: 34/38 MP: 5/9
  2878 | D:3      | Found a stormy altar of Qazlal.
  2895 | D:3      | Reached skill level 4 in Conjurations
  3463 | D:3      | Reached XP level 6. HP: 38/45 MP: 6/10
  3975 | D:4      | Got Sif Muna's Grimoire of Mutagenic Flames
  4077 | D:4      | Reached skill level 5 in Conjurations
  4178 | D:4      | Found an ornate altar of the Wu Jian Council.
  4294 | D:4      | Found a blossoming altar of Fedhas.
  4619 | D:4      | Your scales start taking on an icy white colour.
  4619 | D:4      | Reached XP level 7. HP: 48/50 MP: 6/12
  4619 | D:4      | Gained mutation: Your flesh is cold resistant. (rC+) [White
                  | Draconian growth]
  4803 | D:5      | Entered Level 5 of the Dungeon
  5353 | D:5      | Found a staircase to the Ecumenical Temple.
  5363 | Temple   | Entered the Ecumenical Temple
  5491 | Temple   | Became a worshipper of Jiyva Jiaxune the Shapeless
  5563 | D:5      | Noticed Grinder
  5572 | D:5      | Paralysed by Grinder for 6 turns
  5581 | D:5      | Killed Grinder
  5582 | D:5      | Reached skill level 6 in Conjurations
  5875 | D:5      | Learned a level 3 spell: Mephitic Cloud
  5895 | D:5      | Reached XP level 8. HP: 57/57 MP: 8/14
  6122 | D:5      | Reached skill level 7 in Conjurations
  6122 | D:5      | Reached skill level 1 in Air Magic
  6122 | D:5      | Reached skill level 1 in Poison Magic
  6557 | D:6      | Found an iron altar of Okawaru.
  6667 | D:6      | Noticed Prince Ribbit
  6676 | D:6      | Killed Prince Ribbit
  6677 | D:6      | Reached skill level 5 in Spellcasting
  6855 | D:6      | Noticed Maggie
  6878 | D:6      | Killed from afar by Maggie

Illustrated notes

Levels and vault maps discovered:
D:1:      minmay_arrival_cross, layout_basic, shapermc_ecumenical_altar_pompeii,
          grunt_decor_one_mirror
D:2:      layout_basic, basic_altar, minmay_pentomino_u2
D:3:      layout_basic, nicolae_qazlal_general_emergency,
          minmay_fractal_squares_diagonal_5
D:4:      layout_rooms, lemuel_coloured_pillars_altar, lemuel_tele_altar,
          roderic_serpentine_path, minmay_quadrilaterals
D:5:      layout_loops_cross, temple_green, serial_bayou_lagoon_b, uniq_grinder
D:6:      layout_layer_cave, okawaru_altar_gauntlet_db, minmay_statues_item,
          minmay_misc_feat_pillars, uniq_prince_ribbit1, uniq_maggie
Temple:   pf_slime_end_temple

Skill      XL: |  1  2  3  4  5  6  7  8 |
---------------+-------------------------+-----
Conjurations   | 2 3 4 5 6 7 |  7.3
Spellcasting   | 3 4 5 |  5.0
Fire Magic     | 4 3 4 |  4.4
Air Magic      | 2 |  2.0
Poison Magic   | 2 |  2.0
Dodging        | |  1.7
Stealth        | |  1.7

Action                   |  1- 3 |  4- 6 |  7- 9 || total
-------------------------+-------+-------+-------++-------
Melee: Dagger            |     8 |     7 |       ||    15
       Tailslap          |     2 |     3 |     5 ||    10
       Falchion          |       |    16 |    20 ||    36
 Cast: Foxfire           |    59 |   153 |   104 ||   316
  Use: Scroll            |       |     2 |       ||     2
       Potion            |       |     1 |     3 ||     4
Armor: Skin              |     8 |    27 |    22 ||    57
Dodge: Dodged            |    16 |    19 |    28 ||    63
Block: Other             |       |       |     7 ||     7
       Rpst.: Falchion   |       |     2 |     4 ||     6

Table legend: (Time is in decaauts)
 A = Elapsed time spent in this place.
 B = Non-inter-level travel time spent in this place.
 C = Inter-level travel time spent in this place.
 D = Time resting spent in this place.
 E = Time spent auto-exploring this place.
 F = Levels seen in this place.
 G = Mean time per level.
                   A        B        C        D        E       F      G
               +--------+--------+--------+--------+--------+-----+--------+
         Total |   6910 |   6643 |    267 |   1332 |   4186 |   7 |  987.1 |
       Dungeon |   6768 |   6501 |    267 |   1332 |   4062 |   6 | 1128.0 |
        Temple |    142 |    142 |      0 |      0 |    124 |   1 |  142.0 |
               +--------+--------+--------+--------+--------+-----+--------+

Top non-repeatable levels by time:
     D:3: 1570 daAuts
     D:5: 1551 daAuts
     D:2: 1432 daAuts
     D:1: 925 daAuts
     D:4: 883 daAuts
     D:6: 405 daAuts
  Temple: 142 daAuts
